 Dungeon Crawl Stone Soup version 0.21.1-1-g345015fe64 (webtiles) character file.

12471 GotenAND the Cleaver (level 11, -18/98 HPs)
             Began as a Deep Dwarf Fighter on July 7, 2018.
             Was an Elder of Trog.
             Killed from afar by Azrael (37 damage)
             ... with damnation
             ... on level 13 of the Dungeon.
             The game lasted 00:25:23 (7052 turns).

GotenAND the Cleaver (Deep Dwarf Fighter)           Turns: 7052, Time: 00:25:23

Health: -18/98     AC: 20    Str: 22    XL:     11   Next: 62%
Magic:  1/1        EV:  7    Int: 13    God:    Trog [****..]
Gold:   383        SH: 11    Dex: 12    Spells: 15/15 levels left

rFire    . . .     SeeInvis .   a - +3 war axe (flame)
rCold    . . .     Gourm    .   c - +0 shield
rNeg     . . .     Faith    +   l - +1 shadow dragon scales
rPois    .         Spirit   .   u - +2 helmet {Int+3}
rElec    .         Reflect  .   h - scarf {repulsion}
rCorr    .         Harm     .   (no gloves)
MR       ++...                  (no boots)
Stlth    ++........             v - amulet of faith
HPRegen  0.00/turn              p - +2 ring of protection
MPRegen  0.07/turn              t - ring of protection from magic

@: non-regenerating, repel missiles
A: damage resistance, heal wounds, sense surroundings 2, no regeneration
a: Heal Wounds, Berserk, Trog's Hand, Brothers in Arms, Burn Spellbooks,
Renounce Religion


You were on level 13 of the Dungeon.
You worshipped Trog.
Trog was greatly pleased with you.
You were near starving.

You visited 2 branches of the dungeon, and saw 12 of its levels.
You also visited: Sewer.

You collected 540 gold pieces.
You spent 157 gold pieces at shops.

Inventory:

Hand Weapons
 a - a +3 war axe of flaming (weapon)
 y - the +5 mace "Saefriuto" {venom, rN+ Str+2 Int+2 Dex+3}
   (You found it on level 7 of the Dungeon)

   It poisons the flesh of those it strikes.
   It affects your strength (+2).
   It affects your intelligence (+2).
   It affects your dexterity (+3).
   It protects you from negative energy.
Armour
 c - a +0 shield (worn)
 h - a scarf of repulsion (worn)
 l - +1 shadow dragon scales (worn)
 u - a +2 helmet of intelligence (worn)
Jewellery
 p - a +2 ring of protection (left hand)
 t - a ring of protection from magic (right hand)
 v - an amulet of faith (around neck)
Scrolls
 j - 10 scrolls of identify
 k - a scroll of magic mapping
 m - a scroll of blinking
 o - 2 scrolls of remove curse
 s - 4 scrolls of teleportation
Potions
 b - 10 potions of curing
 d - a potion of degeneration {unknown}
 n - 3 potions of heal wounds
 w - a potion of haste
Miscellaneous
 e - a crystal ball of energy
Comestibles
 f - 16 rations
 g - 3 chunks of flesh


   Skills:
 + Level 6.3 Fighting
 * Level 14.3 Axes
 * Level 10.0 Armour
 + Level 7.9 Shields
 - Level 2.7 Spellcasting


You had 15 spell levels left.
You didn't know any spells.

Dungeon Overview and Level Annotations

Branches:
Dungeon (13/15)            Temple (1/1) D:6            Lair (0/6) D:10
    Orc (0/2) D:9
 Vaults: D:13-14

Altars:
Ashenzari
Dithmenos
Fedhas
Gozag
Kikubaaqudgha
Makhleb
Qazlal
Trog
Vehumet
Wu Jian
Xom
Yredelemnul
Zin
The Shining One

Shops:
D:4 [

Annotations:
D:13 Azrael


Innate Abilities, Weirdness & Mutations

You are resistant to damage.
You can heal yourself by infusing magical energy.
You passively map the area around you.
You do not regenerate.


Message History

You slash Azrael!
Azrael is severely wounded.
You block Azrael's attack.
You hit Azrael but do no damage.
Azrael is severely wounded.
Azrael gestures at you.
The sphere of damnation explodes!
The damnation engulfs you!
* * * LOW HITPOINT WARNING * * *
The damnation engulfs Azrael.
Azrael completely resists.
You hit Azrael.
Azrael is severely wounded.
You hit Azrael.
Azrael is almost dead.
Azrael gestures at you.
The sticky flame is repelled.
You barely miss Azrael.
Azrael is almost dead.
Azrael gestures at you.
The sphere of damnation explodes!
The damnation engulfs you!
You die...

###########
..........########## *
,..........##.........
, ,
<..........##.........
>,
,......R..†##.........
,
,......†@.).#.........
, *
......$..))..........
, ,
..........##.........*
......>...##.........
*,..........###.######
*#+######### #..##
##..#### * ##....# * *
####.#


You could see Azrael.

Vanquished Creatures
  Frances (D:13)
  Snorg (D:13)
  A hydra (D:13)
  A centaur warrior (D:13)
  2 two-headed ogres
  The ghost of GotenAND the Cleaver, a novice DDBe of Trog (D:6)
  A komodo dragon (D:10)
  3 trolls (D:9)
  The ghost of aloneDruid the Shield-Bearer, an amateur FoFi of Okawaru (D:4)
  2 hippogriffs
  3 fire elementals (D:13)
  4 vampire mosquitoes (D:13)
  A hungry ghost (D:10)
  3 hell hounds (D:13)
  2 water moccasins
  4 orc warriors
  3 sky beasts
  4 centaurs
  A necrophage (D:9)
  5 ogres
  3 big kobolds
  3 bullfrogs
  10 killer bees (D:9)
  2 scorpions
  4 wights (D:9)
  An electric eel (D:9)
  A howler monkey (D:4)
  A crimson imp (D:5)
  A centaur zombie (D:9)
  6 orc priests
  5 hounds
  9 orc wizards
  2 centaur skeletons
  4 iguanas
  4 worker ants
  2 hound skeletons
  8 adders
  A shadow imp (D:5)
  2 oozes (D:1)
  4 adder skeletons
  4 dart slugs
  5 leopard geckos
  46 orcs
  5 giant cockroaches
  8 hobgoblins
  6 jackals
  16 kobolds
  3 quokkas
  2 ball pythons
  12 bats
  8 frilled lizards
  A giant cockroach zombie (D:5)
  4 goblins
  6 rats
  2 plants (D:10)
245 creatures vanquished.

Vanquished Creatures (others)
  A wyvern skeleton (D:13)
1 creature vanquished.

Grand Total: 246 creatures vanquished

Notes
Turn   | Place    | Note
-------+----------+-------------------------------------------
     0 | D:1      | GotenAND the Deep Dwarf Fighter began the quest for the Orb.
     0 | D:1      | Reached XP level 1. HP: 20/20 MP: 1/1
   336 | D:1      | Reached XP level 2. HP: 25/27 MP: 2/2
   657 | D:1      | Reached XP level 3. HP: 27/33 MP: 3/3
   990 | D:2      | Noticed a centaur
  1007 | D:2      | Killed a centaur
  1007 | D:2      | Reached skill level 3 in Axes
  1007 | D:2      | Reached skill level 1 in Spellcasting
  1007 | D:2      | Reached XP level 4. HP: 25/42 MP: 5/5
  1174 | D:2      | Reached XP level 5. HP: 47/49 MP: 5/5
  1207 | D:2      | Found a shattered altar of Ashenzari.
  1431 | D:2      | Reached skill level 4 in Axes
  2650 | D:4      | Found Loffaewi's Antique Armour Boutique.
  2674 | D:4      | Bought a shiny helmet for 157 gold pieces
  2749 | D:4      | Reached XP level 6. HP: 54/56 MP: 7/7
  2818 | D:4      | Noticed aloneDruid's ghost (amateur FoFi)
  2848 | D:4      | Killed aloneDruid's ghost
  2848 | D:4      | Reached skill level 5 in Axes
  2870 | D:4      | Reached XP level 7. HP: 60/62 MP: 7/7
  3043 | D:4      | Reached skill level 6 in Axes
  3309 | D:5      | Entered Level 5 of the Dungeon
  3391 | D:5      | Reached skill level 5 in Armour
  3456 | D:5      | Reached skill level 7 in Axes
  3595 | D:5      | Reached skill level 5 in Shields
  3595 | D:5      | Reached XP level 8. HP: 60/70 MP: 8/8
  3656 | D:5      | Found a glowing drain.
  3661 | Sewer    | Entered a sewer
  3753 | Sewer    | Found a glowing silver altar of Zin.
  4060 | D:6      | Found a blossoming altar of Fedhas.
  4128 | D:6      | Found a staircase to the Ecumenical Temple.
  4198 | D:6      | Reached skill level 8 in Axes
  4222 | Temple   | Entered the Ecumenical Temple
  4274 | Temple   | Became a worshipper of Trog the Wrathful
  4399 | D:6      | Noticed GotenAND's ghost (novice DDBe)
  4434 | D:6      | Killed GotenAND's ghost
  4434 | D:6      | Reached skill level 9 in Axes
  4754 | D:7      | Gained mutation: You passively map the area around you. [Deep Dwarf growth]
  4754 | D:7      | Reached XP level 9. HP: 59/78 MP: 9/9
  4780 | D:7      | Got a crystal mace
  4784 | D:7      | Identified the +5 mace "Saefriuto" {venom, rN+ Str+2 Int+2 Dex+3} (You found it on level 7 of the Dungeon)
  4993 | D:7      | Reached * piety under Trog
  5165 | D:7      | Reached skill level 10 in Axes
  5359 | D:8      | Noticed a two-headed ogre
  5373 | D:8      | Killed a two-headed ogre
  5409 | D:8      | Reached skill level 11 in Axes
  5524 | D:8      | Found a shattered altar of Ashenzari.
  5839 | D:9      | Reached skill level 5 in Fighting
  5873 | D:9      | Reached XP level 10. HP: 79/88 MP: 7/7
  5900 | D:9      | Reached ** piety under Trog
  6082 | D:9      | Reached skill level 12 in Axes
  6336 | D:9      | Noticed a two-headed ogre
  6363 | D:9      | Killed a two-headed ogre
  6495 | D:9      | Reached *** piety under Trog
  6647 | D:9      | Found a staircase to the Orcish Mines.
  6712 | D:10     | Entered Level 10 of the Dungeon
  6712 | D:10     | Found a staircase to the Lair.
  6758 | D:10     | Reached skill level 13 in Axes
  6810 | D:10     | You fall through a shaft for 3 floors!
  6823 | D:13     | Noticed Frances
  6839 | D:13     | Noticed a centaur warrior
  6844 | D:13     | Noticed a soul eater
  6851 | D:13     | Killed Frances
  6851 | D:13     | Reached XP level 11. HP: 92/97 MP: 4/4
  6855 | D:13     | Killed a centaur warrior
  6983 | D:13     | Reached skill level 14 in Axes
  6985 | D:13     | Reached **** piety under Trog
  7003 | D:13     | Noticed Snorg
  7003 | D:13     | Noticed Azrael
  7025 | D:13     | Noticed a six-headed hydra
  7032 | D:13     | Killed Snorg
  7037 | D:13     | Killed a one-headed hydra
  7037 | D:13     | Reached skill level 10 in Armour
  7052 | D:13     | Killed from afar by Azrael

Skill      XL: |  1  2  3  4  5  6  7  8  9 10 11 |
---------------+----------------------------------+-----
Fighting       | 3 4 5 6 |  6.3
Axes           | 3 4 5 7 9 11 13 14 | 14.3
Armour         | 4 5 6 7 9 10 | 10.0
Spellcasting   | 1 2 |  2.7
Shields        | 4 5 6 7 |  7.9

Action                   |  1- 3 |  4- 6 |  7- 9 | 10-12 || total
-------------------------+-------+-------+-------+-------++-------
Melee: War axe           |    90 |   232 |   350 |   291 ||   963
Invok: Burn Spellbooks   |       |       |     1 |       ||     1
       Berserk           |       |       |       |     2 ||     2
 Abil: Heal Wounds       |       |     2 |    16 |    32 ||    50
  Use: Scroll            |       |    11 |     7 |     5 ||    23
       Potion            |       |       |     1 |     1 ||     2
 Stab: Sleeping          |       |       |     9 |     1 ||    10
  Eat: Chunk             |       |     7 |    10 |     3 ||    20
       Ration            |       |       |       |     1 ||     1
Armor: Plate armour      |    64 |   167 |       |       ||   231
       Shadow dragon sca |       |    25 |   216 |   208 ||   449
Dodge: Dodged            |    13 |    42 |    51 |    96 ||   202
       Deflected         |       |       |     1 |     5 ||     6
Block: Shield            |    57 |   158 |   189 |   201 ||   605
